 Dungeon Crawl Stone Soup version 0.26-a0-58-g79b31b8662 (webtiles) character file.

Game seed: 8162806318496752394

26 BritishOli the Skirmisher (level 2, -4/24 HPs)
             Began as a Demonspawn Monk on June 8, 2020.
             Slain by Sigmund
             ... wielding a +0 scythe
              (6 damage)
             ... on level 2 of the Dungeon.
             The game lasted 00:01:05 (1117 turns).

BritishOli the Skirmisher (Demonspawn Monk)         Turns: 1117, Time: 00:01:06

Health: -4/24      AC:  2    Str: 11    XL:     2   Next: 89%
Magic:  2/2        EV: 13    Int: 11    God:
Gold:   24         SH:  0    Dex: 15    Spells: 1/1 levels left

rFire    . . .     SeeInvis .   a - +0 falchion
rCold    . . .     Gourm    .   (no shield)
rNeg     . . .     Faith    .   b - +0 robe
rPois    .         Spirit   .   (no helmet)
rElec    .         Reflect  .   (no cloak)
rCorr    .         Harm     .   (no gloves)
MR       .....                  (no boots)
Stlth    +.........             (no amulet)
HPRegen  0.08/turn              (no ring)
MPRegen  0.08/turn              (no ring)

@: confused
A: talons 1
a: no special abilities


You were on level 2 of the Dungeon.
You were hungry.

You visited 1 branch of the dungeon, and saw 2 of its levels.

You collected 24 gold pieces.

Inventory:

Hand Weapons
 a - a +0 falchion (weapon)
Armour
 b - a +0 robe (worn)
Jewellery
 h - a +4 ring of evasion {unknown}
Scrolls
 d - 4 scrolls of remove curse {unknown}
 e - 2 scrolls of teleportation {unknown}
 f - a scroll of fear {unknown}
Comestibles
 c - 2 rations


   Skills:
 + Level 3.3 Fighting
 + Level 3.0 Long Blades
 + Level 1.0 Armour
 + Level 3.0 Dodging
 - Level 1.7 Stealth


You had one spell level left.
You didn't know any spells.
Your spell library was empty.

Dungeon Overview and Level Annotations

Branches:
Dungeon (2/15)

Altars:

Annotations:
D:2 Sigmund


Innate Abilities, Weirdness & Mutations

You have sharp toenails.


Message History

Something hits you.
You hit something but do no damage.
You hear some strange, mumbled words.
A magic dart appears from out of thin air!
The magic dart hits you.
You barely miss something.
You hear some strange, mumbled words.
A magic dart appears from out of thin air!
The magic dart hits you!
You barely miss something.
You hear some strange, mumbled words.
You are confused.
You hear some strange, mumbled words.
A magic dart appears from out of thin air!
The magic dart hits you.
* * * LOW HITPOINT WARNING * * *
Something hits you.
* * * LOW HITPOINT WARNING * * *
Something hits you.
You die...

###.............. .
............?.# ..
.............# .
##..####.........#..
..........†.........
.................#.
.........{.........
###.##.........?..
#....@..........
#######............ #
.................). ...
########...........
.....#######
##........#..
#...<<>.####..........##
#######...............#
######..[........
#..........


There were no monsters in sight!

Vanquished Creatures
  A dart slug (D:1)
  A leopard gecko (D:2)
  4 bats (D:1)
  3 giant cockroaches (D:1)
  3 goblins (D:1)
  4 hobgoblins (D:1)
  A frilled lizard (D:1)
  2 kobolds (D:1)
  A rat (D:1)
20 creatures vanquished.

Notes
Turn   | Place    | Note
-------+----------+-------------------------------------------
     0 | D:1      | BritishOli the Demonspawn Monk began the quest for the Orb.
     0 | D:1      | Reached XP level 1. HP: 18/18 MP: 1/1
   184 | D:1      | Gained mutation: You have sharp toenails. [demonic
                  | ancestry]
   184 | D:1      | Reached XP level 2. HP: 6/24 MP: 2/2
  1093 | D:2      | Noticed Sigmund
  1097 | D:2      | Reached skill level 1 in Armour
  1117 | D:2      | Slain by Sigmund

Illustrated notes

Levels and vault maps discovered:
D:1:      lightli_arrival_statuegarden, layout_loops_cross, minmay_domino_2
D:2:      layout_rooms, eino_tiny_chamber, roderic_three_in_a_row,
          corexii_corridor_pit, moated_statue, uniq_sigmund

Skill      XL: |  1  2 |
---------------+-------+-----
Dodging        | 3 |  3.0
Long Blades    | 3 |  3.0
Armour         | 1 |  1.0
Fighting       | |  3.3
Stealth        | |  1.7

Action                   || total
-------------------------++-------
Melee: Falchion          ||    60
       Kick              ||     7
 Stab: Sleeping          ||     4
Armor: Robe              ||    10
Dodge: Dodged            ||    48
       Rpst.: Falchion   ||    10

Table legend:
 A = Non-vault XP
 B = Vault XP
 C = Vault XP percentage of total XP
 D = Non-vault monster count
 E = Vault monster count
 F = Vault count percentage of total count
                 A         B        C        D         E       F
            +---------+---------+-------+---------+---------+-------
      Total |      32 |       6 |  15.8 |      18 |       2 |  10.0
            +---------+---------+-------+---------+---------+-------
        D:1 |      29 |       6 |  17.1 |      17 |       2 |  10.5
        D:2 |       3 |       0 |   0.0 |       1 |       0 |   0.0
            +---------+---------+-------+---------+---------+-------
